 Dungeon Crawl Stone Soup version 0.16.0-6-gad6103a (webtiles) character file.

140 MDvedh the Cudgeler (level 5, -1/41 HPs)
             Began as a Mummy Fighter on Mar 15, 2015.
             Slain by an ogre
             ... wielding a +0 giant club
              (13 damage)
             ... on level 3 of the Dungeon.
             The game lasted 00:04:03 (2706 turns).

MDvedh the Cudgeler (Mummy Fighter)                 Turns: 2706, Time: 00:04:04

Health: -1/41      AC:  8    Str: 17    XL:     5   Next: 2%
Magic:  5/5        EV:  4    Int:  7    God:
Gold:   100        SH:  8    Dex: 12    Spells: 0 memorised, 4 levels left

rFire  x . .     SeeInvis .     a - +0 flail
rCold  + . .     Clarity  .     j - +0 chain mail
rNeg   + + +     SustAb   .     c - +0 shield
rPois  ∞         Gourm    .     (no helmet)
rElec  .         Spirit   .     (no cloak)
rCorr  .         Warding  .     (no gloves)
rMut   .         Stasis   .     (no boots)
MR     .....                    (no amulet)
Stlth  ..........               (no ring)
                                k - -2 ring of strength (curse)

@: not resistant to hostile enchantments, extremely unstealthy
A: no food or potions, fire vulnerability, restore body, cold resistance 1,
negative energy resistance 3, poison resistance, torment resistance, unbreathing
a: no special abilities


You were on level 3 of the Dungeon.
You were not hungry.

You visited 1 branch of the dungeon, and saw 3 of its levels.

You collected 100 gold pieces.

Inventory:

Hand weapons
 a - a +0 flail (weapon)
Armour
 c - a +0 shield (worn)
 j - a +0 chain mail (worn)
Jewellery
 k - a cursed -2 ring of strength (left hand)
Scrolls
 b - a scroll of fog {unknown}
 d - 9 scrolls of identify {unknown}
 e - a scroll of enchant weapon {unknown}
 f - 2 scrolls of fear {unknown}
 g - 2 scrolls of remove curse {unknown}
 h - 2 scrolls of amnesia {unknown}
 i - a scroll of noise {unknown}
 l - a scroll of immolation {unknown}


   Skills:
 - Level 3.0 Fighting
 + Level 4.3 Maces & Flails
 - Level 2.4 Armour
 - Level 2.4 Shields


You had 4 spell levels left.
You didn't know any spells.

Dungeon Overview and Level Annotations

Branches:
Dungeon (3/15)

Altars:
Elyvilon
Kikubaaqudgha
Nemelex Xobeh


Innate Abilities, Weirdness & Mutations

You do not eat or drink.
Your flesh is vulnerable to fire.
Your flesh is cold resistant.
You are immune to negative energy.
Your system is resistant to poisons.
You are immune to unholy pain and torment.
You can survive without breathing.


Message History

An ogre comes into view. It is wielding a giant club.
The ogre shouts!
An ogre is nearby!
An ogre is nearby!
An ogre is nearby!
A ball python comes into view.
You hit the ogre!
The ogre is moderately wounded.
The ogre hits you with a giant club!!
Ouch! That really hurt!
* * * LOW HITPOINT WARNING * * *
You are too injured to fight recklessly!
You are too injured to fight recklessly!
You are too injured to fight recklessly!
You are too injured to fight recklessly!
You are too injured to fight recklessly!
You barely miss the ogre.
The ogre is moderately wounded.
The ogre hits you with a giant club!
You die...

##### ### ....# ..#
..#.# # ##.## P...# .
...# ....# #.###..#
....# ###.#....# ..###
..........####.##.
#.#### #...@OS......
#.##.## ##.######.##.
#.#.#.## #)# #!.###.#
#.# ###.#.## #.#
.###.## ##.##
..##÷########...####.
.[.÷...............'..
..##.########...####.


You could see an ogre and a ball python.

Vanquished Creatures
  3 gnolls (D:2)
  4 adders
  2 worms (D:2)
  2 giant geckos (D:2)
  An ooze (D:3)
  4 orcs (D:3)
  5 bats
  4 giant cockroaches
  7 goblins
  5 hobgoblins
  2 kobolds (D:1)
  3 quokkas
  A ball python (D:1)
  4 giant newts
  6 jackals (D:3)
  4 rats
57 creatures vanquished.

Notes
Turn   | Place    | Note
--------------------------------------------------------------
     0 | D:1      | MDvedh, the Mummy Fighter, began the quest for the Orb.
     0 | D:1      | Reached XP level 1. HP: 18/18 MP: 1/1
   157 | D:1      | Reached XP level 2. HP: 24/24 MP: 2/2
   773 | D:2      | Reached XP level 3. HP: 27/29 MP: 3/3
   868 | D:2      | HP: 1/29 [gnoll/halberd (3)]
  1638 | D:2      | Reached XP level 4. HP: 30/35 MP: 4/4
  2021 | D:3      | Found a white marble altar of Elyvilon.
  2022 | D:3      | Found an ancient bone altar of Kikubaaqudgha.
  2024 | D:3      | Found a sparkling altar of Nemelex Xobeh.
  2072 | D:3      | Reached skill level 4 in Maces & Flails
  2693 | D:3      | Reached XP level 5. HP: 39/41 MP: 5/5
  2702 | D:3      | Noticed an ogre
  2706 | D:3      | Slain by an ogre

Action                   |  1- 3 |  4- 6 || total
-------------------------+-------+-------++-------
Melee: Flail             |    70 |   120 ||   190
